 Dungeon Crawl Stone Soup version 0.29.1-2-gbd0b4ee654 (webtiles) character file.

Game seed: 2725475440844637070

42 cdecastro the Scratcher (level 3, 0/15 HPs)
             Began as a Felid Transmuter on Nov 16, 2022.
             Slain by a gnoll
             ... wielding a +0 flail
              (6 damage)
             ... on level 2 of the Dungeon.
             The game lasted 00:01:56 (1980 turns).

cdecastro the Scratcher (Felid Transmuter)          Turns: 1980, Time: 00:01:57

Health: 0/15       AC:  1    Str:  6    XL:     3   Next: 33%
Magic:  5/7        EV: 18    Int: 16    God:
Gold:   98         SH:  0    Dex: 16    Spells: 5/6 levels left
                                        Lives:  0   Deaths: 0

rFire   . . .      SeeInvis +     - Unarmed
rCold   . . .      Faith    .   (shield unavailable)
rNeg    . . .      Spirit   .   (body armour unavailable)
rPois   .          Reflect  .   (helmet unavailable)
rElec   .          Harm     .   (cloak unavailable)
rCorr   .          Rampage  .   (gloves unavailable)
Will    .....                   (boots unavailable)
Stlth   +.........              (no amulet)
HPRegen 0.05/turn               (no ring)
MPRegen 0.10/turn               (no ring)

@: appendages, very slightly contaminated, quick
A: horns 2, very small, claws 1, fangs 3, see invisible, speed 1, shaggy fur 1,
stealthy paws, no weapons or thrown items, no armour, multi-lived
a: End Transformation


You were on level 2 of the Dungeon.
You had temporarily grown beastly horns.
You visited 1 branch of the dungeon, and saw 2 of its levels.

You collected 98 gold pieces.

Inventory:

Jewellery
 b - a ring of resist corrosion
Scrolls
 c - a scroll of immolation {unknown}
 d - a scroll of poison {unknown}
 e - a scroll of torment {unknown}
 g - 3 scrolls of blinking {unknown}
 h - a scroll of amnesia {unknown}
Potions
 a - a potion of lignification
 f - 2 potions of resistance {unknown}
 i - a potion of curing {unknown}
 j - a potion of might {unknown}


   Skills:
 - Level 1.0 Fighting
 + Level 3.6 Dodging
 * Level 4.0 Unarmed Combat
 - Level 2.0 Spellcasting
 - Level 2.1 Transmutations


You had 5 spell levels left.
You knew the following spells:

 Your Spells              Type           Power      Damage    Failure   Level
a - Beastly Appendage     Tmut           16%        N/A       9%          1

Your spell library contained the following spells:

 Spells                   Type           Power      Damage    Failure   Level
 Wereblood                Tmut           8%         N/A       13%         2
 Spider Form              Tmut/Pois      5%         N/A       36%         3
 Ice Form                 Ice/Tmut       5%         N/A       78%         4


Dungeon Overview and Level Annotations

Branches:
Dungeon (2/15)

Altars:


Innate Abilities, Weirdness & Mutations

You have temporarily grown beastly horns.
You have sharp claws.
You have razor-sharp teeth.
You have supernaturally acute eyesight. (SInv)
You cover ground quickly. (Speed+)
You are covered in fur. (AC +1)
Your paws help you pounce on unaware monsters.
You are incapable of wielding weapons or throwing items.
You cannot wear armour.
You gain extra lives every three experience levels.


Message History

* * * LOW HITPOINT WARNING * * *
You scratch the quokka.
You kill the quokka!
You closely miss the hobgoblin. You closely miss the hobgoblin.
Your claw misses the hobgoblin.
You bite the hobgoblin, but do no damage.
The hobgoblin completely misses you.
You scratch the hobgoblin.
You kill the hobgoblin!
Key pressed, stopping explore.
A gnoll comes into view. It is wielding a +0 flail.
A gnoll is nearby!
A gnoll is nearby!
The gnoll shouts!
A gnoll comes into view.
It is wielding a +0 hand axe of holy wrath.
Unknown command.
Casting: Beastly Appendage (safe; 9% risk of failure)
Confirm with . or Enter, or press ? or * to list all spells.
You miscast Beastly Appendage.
You are very lightly contaminated with residual magic.
Nothing appears to happen.
The gnoll shouts!
Casting: Beastly Appendage (safe; 9% risk of failure)
Confirm with . or Enter, or press ? or * to list all spells.
You grow a pair of large bovine horns.
The gnoll hits you with a +0 flail.
Unknown command.
You scratch the gnoll. Your headbutt misses the gnoll. You bite the gnoll.
The gnoll is heavily wounded.
The gnoll hits you with a +0 flail!
* * * LOW HITPOINT WARNING * * *
You barely miss the gnoll.
The gnoll is heavily wounded.
The gnoll closely misses you.
You scratch the gnoll but do no damage.
The gnoll is heavily wounded.
The gnoll closely misses you.
You scratch the gnoll. Your headbutt misses the gnoll.
The gnoll is severely wounded.
The gnoll hits you with a +0 flail.
You die...

############## #......).....#
######.##########.# ...##.#
#.### .########g##†#### #....
.........g@.....# #####
###.#####.#####.# #.# #.# #.
#.# #.# # #. #.#####.# #. #.
#....##.###########
#..###.########.##.##.........
.....................########
..................####


You could see 2 gnolls.

Vanquished Creatures
  A gnoll (D:2)
  A dart slug (D:1)
  2 endoplasms (D:1)
  A giant cockroach (D:2)
  A goblin (D:1)
  5 hobgoblins
  3 kobolds (D:1)
  2 quokkas
  5 ball pythons (D:1)
  4 bats (D:1)
  A frilled lizard (D:1)
  3 rats (D:1)
29 creatures vanquished.

Notes
Turn   | Place    | Note
-------+----------+-------------------------------------------
     0 | D:1      | cdecastro the Felid Transmuter began the quest for the Orb.
     0 | D:1      | Reached XP level 1. HP: 9/9 MP: 4/4
   244 | D:1      | Reached XP level 2. HP: 3/12 MP: 6/6
  1520 | D:2      | Reached skill level 4 in Unarmed Combat
  1520 | D:2      | Reached XP level 3. HP: 3/15 MP: 7/7
  1980 | D:2      | Slain by a gnoll

Illustrated notes

Levels and vault maps discovered:
D:1:      roderic_chinese_lattice_arrival, layout_loops_cross,
          hangedman_abyss_or_decor_stabs, minmay_misc_feat_secret_circle
D:2:      layout_loops_ring, serial_shops, shop, uniq_natasha

Skill      XL: |  1  2 |
---------------+-------+-----
Dodging        | 3 |  3.6
Unarmed Combat | 4 |  4.0
Fighting       | |  1.0
Spellcasting   | |  2.0
Transmutations | |  2.1

Action                   || total
-------------------------++-------
Melee: Unarmed           ||    88
       Bite              ||     7
       Punch             ||     1
 Cast: Beastly Appendage ||     1
Armor: Skin              ||     3
Dodge: Dodged            ||    73
